 Dungeon Crawl Stone Soup version 0.30.0-29-ga12c61a403 (webtiles) character file.

Game seed: 18060441321778623785

72 monsoonserge the Magician (level 4, -4/31 HPs)
             Began as a Djinni Venom Mage on June 4, 2023.
             Slain by Terence
             ... wielding a +3 flail of draining
              (14 damage)
             ... on level 3 of the Dungeon.
             The game lasted 00:07:49 (1390 turns).

monsoonserge the Magician (Djinni Venom Mage)       Turns: 1390, Time: 00:07:50

Health: -4/31      AC:  2    Str:  7    XL:     4   Next: 48%
Gold:   66         EV: 12    Int: 18    God:
                   SH:  0    Dex: 14

rFire   + + .        d - +1 whip (elec)
rCold   x . .        (no shield)
rNeg    . . .        a - +0 robe
rPois   ∞            (no helmet)
rElec   .            (no cloak)
rCorr   .            (no gloves)
SInv    .            (boots unavailable)
Will    .....        (no amulet)
Stlth   ++           (no ring)
HPRegen 0.25/turn    (no ring)
MPRegen 0.00/turn

%: infuse magic (-5 HP)
@: brilliant, flying
A: sickness immunity, fire resistance 2, cold vulnerability 1, float, innate
caster, HP casting, extra vitality 1
a: no special abilities


You were on level 3 of the Dungeon.
You visited 1 branch of the dungeon, and saw 3 of its levels.

You collected 66 gold pieces.

Inventory:

Hand Weapons
 d - a +1 whip of electrocution (weapon)
 m - a +0 long sword
Armour
 a - a +0 robe (worn)
 g - a +0 leather armour
 j - a +0 chain mail
Scrolls
 b - 4 scrolls of identify {unknown}
 e - a scroll of summoning {unknown}
 f - 2 scrolls of brand weapon {unknown}
 h - a scroll of teleportation {unknown}
 i - a scroll of fog {unknown}
 l - a scroll of immolation {unknown}
Potions
 k - a potion of curing {unknown}


   Skills:
 + Level 0.3 Fighting
 + Level 0.1 Maces & Flails
 + Level 2.3 Dodging
 + Level 1.8 Stealth
 * Level 3.6 Spellcasting


You knew the following spells:

 Your Spells              Type           Power      Damage    Failure   Level
a - Sting                 Tmut/Pois      96%        1d7       3%          1
b - Poisonous Vapours     Pois/Air       48%        N/A       4%          2
c - Mephitic Cloud        Conj/Pois/Air  24%        N/A       10%         3
d - Olgreb's Toxic Radia  Pois           24%        N/A       32%         4
e - Apportation           Tloc           48%        N/A       3%          1
Your spell library was empty.

Dungeon Overview and Level Annotations

Branches:
Dungeon (3/15)

Altars:

Annotations:
D:3 Terence


Innate Abilities, Weirdness & Mutations

You are immune to sickness and miasma.
You are immune to poison.
Your flesh is very heat resistant. (rF++)
You are vulnerable to cold. (rC-)
You float through the air rather than walking.
You learn spells naturally, not from books.
Your magical power is your life essence.
You have superior vitality. (+4 MHP)


Message History

The sting misses Terence.
Casting: Sting (safe; 3% risk of failure)
Confirm with . or Enter, or press ? or * to list all spells.
Aiming: Sting (safe; 3% risk of failure)
Press: ? - help, Shift-Dir - straight line, f/p - Terence
Aim: Terence, wielding a +3 flail of draining and wearing a +2 scale mail of fire resistance (lightly wounded, poisoned, 77% to hit)
The sting hits Terence.
Terence looks even sicker.
Terence is moderately wounded.
Casting: Sting (safe; 3% risk of failure)
Confirm with . or Enter, or press ? or * to list all spells.
Aiming: Sting (safe; 3% risk of failure)
Press: ? - help, Shift-Dir - straight line, f/p - Terence
Aim: Terence, wielding a +3 flail of draining and wearing a +2 scale mail of fire resistance (moderately wounded, very poisoned, 77% to hit)
The sting misses Terence.
Terence hits you with a +3 flail of draining.
Casting: Sting (safe; 3% risk of failure)
Confirm with . or Enter, or press ? or * to list all spells.
Okay, then.
Casting: Sting (safe; 3% risk of failure)
Confirm with . or Enter, or press ? or * to list all spells.
Aiming: Sting (safe; 3% risk of failure)
Press: ? - help, Shift-Dir - straight line, f/p - Terence
Aim: Terence, wielding a +3 flail of draining and wearing a +2 scale mail of fire resistance (moderately wounded, very poisoned, 77% to hit)
The sting hits Terence.
Terence looks even sicker.
Terence is moderately wounded.
Terence hits you with a +3 flail of draining!
Casting: Sting (safe; 3% risk of failure)
Confirm with . or Enter, or press ? or * to list all spells.
Aiming: Sting (safe; 3% risk of failure)
Press: ? - help, Shift-Dir - straight line, f/p - Terence
Aim: Terence, wielding a +3 flail of draining and wearing a +2 scale mail of fire resistance (heavily wounded, very poisoned, 77% to hit)
The sting hits Terence but does no damage.
Terence looks as sick as possible!
Terence is heavily wounded.
Terence hits you with a +3 flail of draining.
* * * LOW HITPOINT WARNING * * *
It was a potion of brilliance.
You feel clever all of a sudden.
Terence hits you with a +3 flail of draining!
You die... ########## #.@......[ #@######## #. #. .. #) ## . .

You could see Terence (extremely poisoned).

Vanquished Creatures
  3 adders (D:2)
  A dart slug (D:1)
  3 bats (D:1)
  A giant cockroach (D:2)
  4 goblins
  6 hobgoblins
  4 quokkas (D:1)
  7 ball pythons
  3 frilled lizards (D:1)
  5 kobolds
  6 rats
43 creatures vanquished.

Notes
Turn   | Place    | Note
-------+----------+-------------------------------------------
     0 | D:1      | monsoonserge the Djinni Venom Mage began the quest for the
                  | Orb.
     0 | D:1      | monsoonserge set off with the following spells memorised:
                  | Sting, Poisonous Vapours, Mephitic Cloud, Olgreb's Toxic
                  | Radiance.
     0 | D:1      | Reached XP level 1. HP: 15/15 MP: 0/0
    63 | D:1      | Reached XP level 2. HP: 20/21 MP: 0/0
   194 | D:1      | Reached skill level 3 in Spellcasting
   307 | D:1      | Reached XP level 3. HP: 19/25 MP: 0/0
   307 | D:1      | Learned a level 1 spell: Apportation
   880 | D:2      | Reached XP level 4. HP: 28/31 MP: 0/0
  1383 | D:3      | Noticed Terence
  1390 | D:3      | Slain by Terence

Illustrated notes

Levels and vault maps discovered:
D:1:      dpeg_arrival_pond, layout_basic,
          shapermc_ecumenical_altar_mp_urbaneastern, grunt_decor_one_mirror,
          serial_park_tiny_1
D:2:      layout_rooms
D:3:      layout_loops_ring, uniq_terence

Skill      XL: |  1  2 |
---------------+-------+-----
Spellcasting   | 3 |  3.6
Fighting       | |  0.3
Maces & Flails | |  0.1
Dodging        | |  2.3
Stealth        | |  1.8

Action                     |  1- 3 |  4- 6 || total
---------------------------+-------+-------++-------
  Melee: Unarmed           |     1 |       ||     1
         Whip              |    21 |     6 ||    27
   Cast: Sting             |    42 |    13 ||    55
         Poisonous Vapours |    10 |     3 ||    13
    Use: Potion            |       |     1 ||     1
   Stab: Distracted        |       |     1 ||     1
 Armour: Robe              |     7 |     1 ||     8
  Dodge: Dodged            |    25 |     2 ||    27
